 Dungeon Crawl Stone Soup version 0.27-a0-1548-gf8a67e7463 (webtiles) character file.

Game seed: 13398782796361242155

5016 robertstho the Protected (level 10, -1/139 HPs)
             Began as a Minotaur Berserker on July 13, 2021.
             Was an Elder of Trog.
             Slain by Harold (19 damage)
             ... on level 8 of the Dungeon.
             The game lasted 00:10:21 (7933 turns).

robertstho the Protected (Minotaur Berserker)       Turns: 7933, Time: 00:10:21

Health: -1/139     AC: 16    Str: 32    XL:     10   Next: 30%
Magic:  9/9        EV: 10    Int:  9    God:    Trog [****..]
Gold:   270        SH:  0    Dex: 10    Spells: 9/9 levels left

rFire    . . .     SeeInvis .   E - +0 war axe
rCold    . . .     Faith    .   (no shield)
rNeg     . . .     Spirit   .   l - +1 chain mail
rPois    +         Reflect  .   (helmet restricted)
rElec    .         Harm     .   s - +2 cloak {Stlth+}
rCorr    .         Rampage  .   (no gloves)
Will     .....                  (no boots)
Stlth    ..........             (no amulet)
HPRegen  0.33/turn              a - ring of the Omega Point {rPois Str+2 Int+4}
MPRegen  0.11/turn              e - +6 ring of strength

@: berserking, studying Bows, very quick
A: horns 2, retaliatory headbutt
a: Renounce Religion, Berserk, Trog's Hand, Brothers in Arms


You were on level 8 of the Dungeon.
You worshipped Trog.
Trog was greatly pleased with you.
You visited 1 branch of the dungeon, and saw 8 of its levels.

You collected 381 gold pieces.
You spent 111 gold pieces at shops.

Inventory:

Hand Weapons
 n - a +4 vorpal dire flail
 A - a +0 shortbow
 E - a +0 war axe (weapon)
Missiles
 q - a throwing net (quivered)
 u - a curare-tipped dart
 B - 62 arrows
 F - 4 boomerangs of dispersal
Armour
 l - a +1 chain mail (worn)
 s - a +2 cloak of stealth (worn)
Jewellery
 a - the ring of the Omega Point (left hand) {rPois Str+2 Int+4}
   (You found it on level 8 of the Dungeon)

   [ring of poison resistance]

   Str:       It affects your strength (+2).
   Int:       It affects your intelligence (+4).
   rPois:     It protects you from poison.
 b - a ring of flight
 c - a ring of fire
 e - a +6 ring of strength (right hand)
 H - the ring "Zetwu Gos" {+Blink AC+4 Str+4}
   (You found it on level 8 of the Dungeon)

   [ring of protection]

   AC:        It affects your AC (+4).
   Str:       It affects your strength (+4).
   +Blink:    It lets you blink.
Wands
 j - a wand of flame (13)
Scrolls
 d - a scroll of fog {unknown}
 f - a scroll of holy word {unknown}
 h - 3 scrolls of blinking
 k - 4 scrolls of teleportation
 o - 2 scrolls of immolation
 r - 2 scrolls of summoning
 x - 2 scrolls of enchant armour
 y - a scroll of silence
 C - a scroll of enchant weapon {unknown}
 D - a scroll of identify
Potions
 g - 2 potions of curing
 i - 2 potions of flight
 m - a potion of resistance {unknown}
 p - a potion of degeneration {unknown}
 t - 3 potions of mutation {unknown}
 v - 3 potions of haste {unknown}
 w - a potion of ambrosia
 z - a potion of attraction {unknown}
 G - a potion of might {unknown}


   Skills:
 * Level 9.9 Fighting
 + Level 10.6 Axes
 * Level 11.6 Armour
 + Level 3.9 Dodging


You had 9 spell levels left.
You didn't know any spells.
Your spell library was empty.

Dungeon Overview and Level Annotations

Branches:
Dungeon (8/15)             Temple (0/1) D:6
   Lair: D:8-11

Altars:
Cheibriados
Dithmenos
Kikubaaqudgha
Makhleb
Qazlal
Sif Muna
Vehumet
Wu Jian
Xom

Shops:
D:3 *[!([

Annotations:
D:8 Harold


Innate Abilities, Weirdness & Mutations

You have a pair of horns on your head.
You reflexively headbutt those who attack you in melee.


Message History

Harold is nearby!
Harold is nearby!
Harold is nearby!
Harold fires a harpoon shot at you. The harpoon shot hits you!
You are yanked forward by the harpoon shot.
You hit Harold. You headbutt Harold!
Harold is lightly wounded.
Harold hits you with a +0 dire flail!!
You hit Harold but do no damage. You headbutt Harold, but do no damage.
Harold is lightly wounded.
Harold hits you with a +0 dire flail.
You closely miss Harold. Your headbutt misses Harold.
Harold is lightly wounded.
Harold closely misses you. You furiously retaliate!
You headbutt Harold! You hit Harold. Your headbutt misses Harold.
Harold is moderately wounded.
Harold hits you with a +0 dire flail!
You hit Harold but do no damage. You headbutt Harold.
Harold is moderately wounded.
Harold hits you with a +0 dire flail!
You closely miss Harold. You headbutt Harold!
Harold is heavily wounded.
Harold hits you with a +0 dire flail!
* * * LOW HITPOINT WARNING * * *
You hit Harold.
Harold is heavily wounded.
Harold hits you but does no damage.
A red film seems to cover your vision as you go berserk!
You feel yourself moving faster!
You feel mighty! Harold closely misses you.
You barely miss Harold.
Harold is heavily wounded.
You slash Harold! Your headbutt misses Harold.
Harold is severely wounded.
Harold hits you with a +0 dire flail!
* * * LOW HITPOINT WARNING * * *
You barely miss Harold. You headbutt Harold!
Harold is almost dead.
Harold hits you with a +0 dire flail!!
You die...

#.# #.# #.#
#.# #.# #.#
#.#
##.########.#
......@@....#
#############


You could see Harold.

Vanquished Creatures
  Pikel (D:7)
  Joseph (D:8)
  A troll (D:5)
  Grinder (D:6)
  2 hornets (D:7)
  4 yaks (D:8)
  A wyvern (D:5)
  A steam dragon (D:4)
  Edmund (D:6)
  A water moccasin (D:8)
  A sky beast (D:6)
  4 ice beasts
  3 orc warriors (D:8)
  A black bear (D:5)
  3 centaurs
  2 lemures (D:7)
  A phantom (D:4)
  A kobold brigand (D:6)
  A bullfrog (D:8)
  A scorpion (D:6)
  2 water moccasin zombies
  A water moccasin skeleton (D:6)
  3 killer bees (D:7)
  4 wights (D:6)
  3 jellies
  An orc priest (D:8)
  Crazy Yiuf (D:3)
  2 centaur skeletons
  2 iguanas (D:5)
  6 orc wizards
  A hound skeleton (D:4)
  8 adders
  A gnoll (D:2)
  A shadow imp (D:5)
  A white imp (D:4)
  2 adder skeletons (D:4)
  3 worms
  2 dart slugs
  22 orcs
  3 bats
  8 endoplasms
  4 giant cockroaches
  10 goblins
  6 hobgoblins
  2 jackals (D:4)
  12 kobolds
  6 quokkas
  7 ball pythons
  2 frilled lizards
  7 rats
165 creatures vanquished.

Vanquished Creatures (others)
  5 plants (D:2)
5 creatures vanquished.

Grand Total: 170 creatures vanquished

Notes
Turn   | Place    | Note
-------+----------+-------------------------------------------
     0 | D:1      | robertstho the Minotaur Berserker began the quest for the
                  | Orb.
     0 | D:1      | Reached XP level 1. HP: 19/19 MP: 0/0
   495 | D:1      | Found a faded altar of an unknown god.
   501 | D:1      | Reached XP level 2. HP: 23/27 MP: 1/1
   959 | D:1      | You fall into a shaft and drop 1 floor!
  1031 | D:1      | Reached XP level 3. HP: 25/34 MP: 2/2
  1218 | D:2      | Reached ** piety under Trog
  1568 | D:2      | Reached skill level 3 in Armour
  1626 | D:2      | Reached XP level 4. HP: 35/41 MP: 3/3
  2298 | D:3      | Found a snail-covered altar of Cheibriados.
  2323 | D:3      | Found Pyqoiw's Weapon Shop.
  2353 | D:3      | Found Uqoebb's Antique Armour Boutique.
  2525 | D:3      | Found a runed translucent door.
  2526 | D:3      | Noticed Crazy Yiuf
  2568 | D:3      | Found Tatreele's Armour Emporium.
  2618 | D:3      | Found a stormy altar of Qazlal.
  2619 | D:3      | Noticed a water elemental
  2620 | D:3      | Noticed a fire elemental
  2621 | D:3      | Noticed an earth elemental
  2621 | D:3      | Noticed an air elemental
  2694 | D:3      | Reached skill level 5 in Fighting
  2755 | D:3      | Found an ornate altar of the Wu Jian Council.
  2767 | D:3      | Reached XP level 5. HP: 40/48 MP: 4/4
  2835 | D:3      | Found Buistrei's Distillery.
  2845 | D:3      | Bought a potion of curing for 39 gold pieces
  2845 | D:3      | Bought a potion of flight for 39 gold pieces
  2936 | D:3      | Found Durerab's General Store.
  2936 | D:3      | Noticed an ice beast
  2943 | D:3      | Killed an ice beast
  2944 | D:3      | Reached skill level 5 in Axes
  2944 | D:3      | Reached skill level 4 in Armour
  2947 | D:3      | Bought a scroll of teleportation for 33 gold pieces
  3131 | D:3      | Killed Crazy Yiuf
  3203 | D:4      | Reached *** piety under Trog
  3204 | D:4      | Reached XP level 6. HP: 56/56 MP: 5/5
  3275 | D:4      | Noticed a steam dragon
  3283 | D:4      | Killed a steam dragon
  3284 | D:4      | Reached skill level 5 in Armour
  3912 | D:4      | Found a burning altar of Makhleb.
  3917 | D:4      | Reached XP level 7. HP: 62/62 MP: 6/6
  4088 | D:4      | Found a shimmering blue altar of Sif Muna.
  4097 | D:4      | Found a radiant altar of Vehumet.
  4190 | D:5      | Entered Level 5 of the Dungeon
  4422 | D:5      | Noticed a wyvern
  4431 | D:5      | Killed a wyvern
  4432 | D:5      | Reached skill level 6 in Armour
  4651 | D:5      | Found an ancient bone altar of Kikubaaqudgha.
  4673 | D:5      | Noticed a troll
  4681 | D:5      | Killed a troll
  4682 | D:5      | Reached skill level 7 in Armour
  4682 | D:5      | Reached XP level 8. HP: 71/71 MP: 7/7
  5159 | D:6      | Found a staircase to the Ecumenical Temple.
  5211 | D:6      | Noticed Edmund
  5218 | D:6      | Killed Edmund
  5219 | D:6      | Reached skill level 8 in Armour
  5284 | D:6      | Reached **** piety under Trog
  5515 | D:6      | Found a shimmering altar of Xom.
  5530 | D:6      | Found a shadowy altar of Dithmenos.
  5854 | D:6      | Reached XP level 9. HP: 81/81 MP: 8/8
  5899 | D:6      | Reached skill level 9 in Armour
  6089 | D:6      | Noticed Grinder
  6092 | D:6      | Paralysed by Grinder for 5 turns
  6104 | D:6      | Killed Grinder
  6147 | D:6      | Identified the +10 short sword "robertstho's Bane" {vorpal,
                  | rC+ rN+ Int+3 Dex+2}
  6848 | D:7      | Noticed Pikel
  6863 | D:7      | Killed Pikel
  6864 | D:7      | Reached skill level 10 in Armour
  6885 | D:7      | Reached skill level 10 in Axes
  7402 | D:8      | Reached skill level 11 in Armour
  7402 | D:8      | Reached XP level 10. HP: 91/91 MP: 9/9
  7448 | D:8      | Identified the ring of the Omega Point {rPois Str+2 Int+4}
  7691 | D:8      | Noticed Joseph
  7712 | D:8      | Killed Joseph
  7858 | D:8      | Identified the ring "Zetwu Gos" {+Blink AC+4 Str+4}
  7921 | D:8      | Noticed Harold
  7933 | D:8      | Slain by Harold

Illustrated notes

Levels and vault maps discovered:
D:1:      dpeg_arrival_rooms_a, layout_loops_ring,
          dreamdust_ecumenical_altar_hidden_monk_grotto,
          hangedman_feature_mirror
D:2:      layout_loops_ring, serial_forest, infiniplex_forest_clump_medium,
          infiniplex_forest_end_1, infiniplex_forest_end_3,
          infiniplex_forest_clump_small, infiniplex_forest_clump_double,
          minmay_split_cup_small
D:3:      layout_basic, lemuel_tele_altar, mainiacjoe_overflow_chevrons,
          nicolae_qazlal_style_of_elements, serial_shops, nicolae_shop_crystal,
          nicolae_lakefront_shop, shop_statue, shop, shop,
          hangedman_abyss_or_decor_lesser_grid, feat_on_display,
          uniq_crazy_yiuf_cottage
D:4:      minmay_door_path, layout_loops_cross, amethyst_overflow_temple_binary,
          mainiacjoe_overflow_six_doors_small
D:5:      layout_loops_cross, kiku_gazebo_pond_becter, amcnicky_mini_pool_medium
D:6:      layout_basic, nicolae_overflow_crystal_walls,
          mainiacjoe_overflow_cross_hatched, minmay_temple_entry_wispy,
          hangedman_abyss_or_decor_jellyfish_corner,
          chequers_serial_rivers_room_a, uniq_edmund, uniq_grinder
D:7:      layout_basic, uniq_pikel
D:8:      layout_loops_ring, kennysheep_little_box, uniq_joseph, uniq_harold

Skill      XL: |  1  2  3  4  5  6  7  8  9 |
---------------+----------------------------+-----
Fighting       | 4 5 6 7 9 |  9.9
Axes           | 4 5 6 7 8 10 | 10.6
Armour         | 3 4 5 7 8 11 | 11.6
Dodging        | 3 |  3.9

Action                   |  1- 3 |  4- 6 |  7- 9 | 10-12 || total
-------------------------+-------+-------+-------+-------++-------
Melee: Hand axe          |    83 |   125 |   232 |    38 ||   478
       Headbutt          |    11 |    30 |    52 |    24 ||   117
       War axe           |       |       |       |    35 ||    35
Invok: Berserk           |       |     1 |    10 |     2 ||    13
       Trog's Hand       |       |       |     1 |     1 ||     2
  Use: Scroll            |       |     7 |     4 |       ||    11
Armor: Animal skin       |    12 |       |       |       ||    12
       Ring mail         |     7 |       |       |       ||     7
       Chain mail        |     6 |    44 |   148 |    39 ||   237
Dodge: Dodged            |    60 |    61 |   101 |    26 ||   248

Table legend: (Time is in decaauts)
 A = Elapsed time spent in this place.
 B = Non-inter-level travel time spent in this place.
 C = Inter-level travel time spent in this place.
 D = Time resting spent in this place.
 E = Time spent auto-exploring this place.
 F = Levels seen in this place.
 G = Mean time per level.
                   A        B        C        D        E       F      G
               +--------+--------+--------+--------+--------+-----+--------+
         Total |   8036 |   7870 |    166 |    116 |   6694 |   8 | 1004.5 |
       Dungeon |   8036 |   7870 |    166 |    116 |   6694 |   8 | 1004.5 |
               +--------+--------+--------+--------+--------+-----+--------+

Top non-repeatable levels by time:
     D:6: 1201 daAuts
     D:1: 1193 daAuts
     D:2: 1106 daAuts
     D:7: 1088 daAuts
     D:4: 1016 daAuts
     D:3: 895 daAuts
     D:5: 883 daAuts
     D:8: 651 daAuts
